 Dungeon Crawl Stone Soup version 0.19-a0-1341-g3513869 (webtiles) character file.

174220 hairmachine the Severer (level 17, 0/165 HPs)
             Began as a Deep Dwarf Berserker on Aug 28, 2016.
             Was a High Priest of Trog.
             Drowned by a drowned soul (12 damage)
             ... summoned by a merfolk avatar
             ... on level 4 of the Shoals on Sept 1, 2016.
             The game lasted 03:27:19 (34343 turns).

hairmachine the Severer (Deep Dwarf Berserker)     Turns: 34343, Time: 03:27:20

Health: 0/165      AC: 40    Str: 26    XL:     17   Next: 44%
Magic:  11/11      EV: 13    Int: 10    God:    Trog [*****.]
Gold:   1212       SH:  0    Dex: 17    Spells: 0 memorised, 16 levels left

rFire  . . .     SeeInvis .     Z - +8 frozen axe "Frostbite" {freezing cloud, *Noise +Fly rC+}
rCold  + . .     Gourm    .     E - +2 crystal plate armour
rNeg   + . .     Faith    +     (shield currently unavailable)
rPois  .         Spirit   .     k - +2 helmet
rElec  .         Dismiss  .     z - +1 cloak
rCorr  .         Reflect  .     K - +2 pair of gloves
MR     +++..     Harm     .     b - +0 pair of boots
Stlth  ..........               B - amulet of faith
                                W - +3 ring of protection
                                J - ring of protection from magic

@: mighty, mesmerised, non-regenerating
A: damage resistance, recharge devices, negative energy resistance 1, sense
surroundings 2, slow regeneration 3, wild magic 1
a: Device Recharging, Berserk, Trog's Hand, Brothers in Arms, Burn Spellbooks,
Renounce Religion, Evoke Flight


You were on level 4 of the Shoals.
You worshipped Trog.
Trog was extremely pleased with you.
You were not hungry.

You visited 6 branches of the dungeon, and saw 30 of its levels.

You collected 3376 gold pieces.
You spent 2164 gold pieces at shops.

Inventory:

Hand Weapons
 e - a +8 executioner's axe of electrocution
 s - a +2 morningstar of flaming
 Z - the +8 frozen axe "Frostbite" (weapon) {freezing cloud, *Noise +Fly rC+}
   (Trog gifted it to you on level 1 of the Spider Nest)

   It has been specially enchanted to freeze those struck by it, causing extra
   injury to most foes and up to half again as much damage against particularly
   susceptible opponents.
   It can also slow down cold-blooded creatures.
   It protects you from cold.
   It lets you fly.
   It may make noises in combat.
Missiles
 a - 41 tomahawks (quivered)
 t - 4 throwing nets
Armour
 b - a +0 pair of boots (worn)
 k - a +2 helmet (worn)
 r - the +1 plate armour of the Pits of Slime {rC+ Int+3 Stlth+}
   (You bought it in a shop on level 2 of the Orcish Mines)

   It affects your intelligence (+3).
   It protects you from cold.
   It makes you more stealthy.
 z - a +1 cloak (worn)
 E - a +2 crystal plate armour (worn)
 K - a +2 pair of gloves (worn)
Jewellery
 y - a +2 ring of intelligence
 B - an amulet of faith (around neck)
 D - an uncursed ring of see invisible
 J - a ring of protection from magic (left hand)
 P - an uncursed ring of flight
 W - a +3 ring of protection (right hand)
Wands
 c - a wand of heal wounds (0/9)
 i - a wand of teleportation (6/9)
 o - a wand of confusion (11/48)
 p - a wand of iceblast (2/15)
 u - a wand of disintegration (6/24)
 F - a wand of digging (8/24)
 M - a wand of confusion (23/48)
 Q - a wand of flame (25/48)
 R - a wand of lightning (0/15)
Scrolls
 f - 8 scrolls of teleportation
 n - a scroll of blinking
 q - a scroll of enchant armour
 C - 8 scrolls of magic mapping
 I - 23 scrolls of remove curse
 L - a scroll of summoning
 N - a scroll of brand weapon {unknown}
 O - 3 scrolls of enchant weapon
 T - 10 scrolls of identify
 U - 3 scrolls of fear
Potions
 g - 2 potions of magic
 j - 2 potions of cure mutation
 l - a potion of invisibility
 m - 2 potions of curing
 v - 4 potions of flight
 w - a potion of beneficial mutation {unknown}
 A - 8 potions of lignification
 H - a potion of agility
 S - 2 potions of haste
 V - a potion of cancellation
 X - 2 potions of might
Comestibles
 d - 18 bread rations
 h - 4 meat rations
 x - 7 chunks of flesh
 G - 2 fruits


   Skills:
 + Level 13.9 Fighting
 * Level 20.2 Axes
 + Level 15.6 Armour
 + Level 13.1 Dodging
 - Level 11.0 Evocations


You had 16 spell levels left.
You didn't know any spells.

Dungeon Overview and Level Annotations

Branches:
Dungeon (14/15)            Temple (0/1) D:6            Lair (6/6) D:10
 Shoals (4/4) Lair:3       Spider (3/4) Lair:3        Slime (0/5) Lair:6
    Orc (2/2) D:9             Elf (1/3) Orc:2        Vaults (0/5) D:13

Altars:
Cheibriados
Fedhas
Hepliaklqana
Kikubaaqudgha
Makhleb
Nemelex Xobeh
The Shining One
Beogh

Shops:
D:7 (   D:10 *   Orc:2 =}[**   Shoals:2 *(   Shoals:3 (%}!

Portals:
Pandemonium: Orc:2
Desolation: Elf:1


Innate Abilities, Weirdness & Mutations

You are resistant to damage.
You can recharge devices by infusing magical energy.
You resist negative energy. (rN+)
You passively map the area around you.
You do not regenerate.
Your spells are a little harder to cast, but a little more powerful.


Message History

The merfolk avatar chants its luring song.
You feel better. The drowned soul touches you. The drowned soul drowns you!
* * * LOW HITPOINT WARNING * * *
The merfolk avatar chants its luring song.
You feel better.
The merfolk avatar chants its luring song.
You feel very mighty all of a sudden. The drowned soul touches you.
The drowned soul drowns you!
* * * LOW HITPOINT WARNING * * *
The merfolk avatar chants its luring song.
You slice the merfolk avatar!! You freeze the merfolk avatar!
The merfolk avatar is severely wounded.
The merfolk avatar chants its luring song.
You slash the merfolk avatar! You freeze the merfolk avatar.
The merfolk avatar is almost dead.
The merfolk avatar is engulfed in freezing vapours.
The merfolk avatar chants its luring song.
Your unstable footing causes you to fumble your attack.
The drowned soul touches you. The drowned soul drowns you!
You die...

* ≈, #≈≈≈≈≈≈......#.....≈
* **
##≈≈≈≈≈≈≈.≈≈......≈.≈ ≈ *
#≈≈≈≈≈≈≈≈..≈........≈ ≈
≈≈###≈≈≈≈≈≈≈≈≈.≈≈........
≈≈
≈≈≈.≈≈≈≈≈≈≈≈≈.≈.........
≈≈≈≈≈≈≈≈≈≈≈≈≈≈≈.........
≈ ≈≈
≈≈≈≈≈≈≈W≈≈≈≈≈≈≈.........
, ≈ ≈
≈≈≈≈≈W≈≈≈≈≈≈≈≈≈.........
≈≈≈≈≈≈m@≈≈≈≈≈≈≈.........
≈≈≈≈≈≈≈≈≈≈≈≈≈≈..........
≈
≈≈≈≈≈≈≈≈≈≈≈≈≈≈≈........#
,,
≈≈≈≈≈≈≈≈≈≈≈≈≈≈≈......≈##
,,
≈≈≈≈≈≈≈≈≈≈≈≈≈≈≈≈......##
≈≈≈#####≈≈≈.....≈.......#
* ##≈......≈≈.....## ≈ **
,###............# * ≈≈,
#............≈*


You could see a merfolk avatar and 2 drowned souls.

Vanquished Creatures
  Arachne (Spider:3)
  Polyphemus (Shoals:2)
  Donald (Shoals:3)
  Roxanne (Spider:3)
  A ghost moth (Spider:2)
  An emperor scorpion (Spider:1)
  Louise (Spider:1)
  Nessos (D:12)
  An entropy weaver (Spider:1)
  2 merfolk javelineers (Shoals:1)
  The ghost of PeterMcNeter the Grappler, a journeyman DrTm of Cheibriados (Lair:5)
  2 merfolk impalers
  Josephine (Lair:4)
  5 hydras
  6 merfolk avatars
  4 catoblepae
  2 centaur warriors (D:13)
  An alligator snapping turtle (Shoals:3)
  A satyr (Shoals:2)
  5 merfolk aquamancers
  14 death yaks
  5 orc high priests
  Sonja (Lair:2)
  4 skeletal warriors
  A fire crab (Lair:4)
  An unseen horror (D:14)
  6 sea snakes
  2 torturous demonspawn (Orc:2)
  3 necromancers (D:13)
  2 deep elf archers (Elf:1)
  7 hill giants
  2 putrid demonspawn (Orc:2)
  2 lindwurms
  6 orc knights
  12 harpies
  16 wolf spiders
  7 orb spiders
  2 hornets (Spider:1)
  8 orc sorcerers
  2 cyclopes
  12 elephants
  5 griffons
  8 ugly things
  4 deep elf magi (Elf:1)
  3 manticores
  A moth of wrath (Spider:3)
  A faun (Shoals:1)
  A rust devil (Orc:2)
  3 sirens
  8 spiny frogs
  3 water nymphs
  Maurice (D:10)
  A gargoyle (D:12)
  6 black mambas
  4 torpor snails
  An orange demon (Orc:2)
  2 centaur skeletons
  3 rime drakes
  7 demonic crawlers
  7 komodo dragons
  2 ice devils (Orc:2)
  30 jumping spiders
  8 trolls
  12 merfolk
  A wind drake (Shoals:2)
  3 polar bears
  A red devil (Orc:2)
  5 two-headed ogres
  11 slime creatures
  2 boulder beetles (Lair:6)
  The ghost of ximxim the Twirler, an amateur FoFi (D:3)
  13 blink frogs
  12 dream sheep
  6 snapping turtles
  57 redbacks
  A centaur simulacrum (D:11)
  A spriggan (D:7)
  15 tarantellas
  13 water elementals
  5 wraiths (Lair:4)
  73 yaks
  3 basilisks
  3 wyverns
  A shadow (D:12)
  Eustachio (D:4)
  A steam dragon (D:7)
  6 hungry ghosts
  8 hippogriffs
  3 wargs
  13 water moccasins
  4 sky beasts
  13 porcupines
  39 orc warriors
  An ice beast (D:7)
  A necrophage (D:9)
  13 ogres
  31 centaurs
  2 phantoms
  13 crocodiles
  An eye of draining (D:12)
  18 giant frogs
  4 big kobolds
  A wyvern zombie (D:11)
  A gnoll sergeant (D:11)
  2 scorpions
  A killer bee (D:11)
  2 electric eels (Spider:2)
  7 howler monkeys
  14 wights
  8 crimson imps
  3 centaur zombies
  2 giant frog zombies
  9 hounds
  7 jellies
  2 quasits
  31 orc priests
  3 giant frog skeletons
  17 orc wizards
  Ijyb (D:2)
  Terence (D:2)
  10 iguanas
  16 worker ants
  A hound skeleton (D:4)
  2 worker ant zombies (D:11)
  11 gnolls
  46 river rats
  13 adders
  2 shadow imps
  3 oozes
  An adder skeleton (D:5)
  2 worms
  3 dart slugs
  5 giant geckos
  103 orcs
  2 ball pythons
  3 bats
  7 giant cockroaches
  3 goblins
  5 hobgoblins
  5 jackals
  33 kobolds
  4 quokkas
  2 giant gecko skeletons
  7 giant newts
  A quokka skeleton (D:8)
  6 rats (D:2)
  A butterfly (Lair:5)
  5 fungi
  9 plants
1097 creatures vanquished.

Vanquished Creatures (others)
  A human (D:9)
  An orc wizard (D:4)
  2 bushes (D:10)
  26 fungi
  20 plants
50 creatures vanquished.

Grand Total: 1147 creatures vanquished

Notes
Turn   | Place    | Note
-------+----------+-------------------------------------------
     0 | D:1      | hairmachine the Deep Dwarf Berserker began the quest for the Orb.
     0 | D:1      | Reached XP level 1. HP: 20/20 MP: 1/1
   122 | D:1      | Reached skill level 4 in Axes
   122 | D:1      | Reached XP level 2. HP: 21/27 MP: 2/2
  1150 | D:2      | Reached XP level 3. HP: 25/33 MP: 3/3
  1217 | D:2      | Noticed Ijyb
  1236 | D:2      | Killed Ijyb
  1236 | D:2      | Reached skill level 5 in Axes
  1409 | D:2      | Found a glowing golden altar of the Shining One.
  1622 | D:2      | Reached ** piety under Trog
  1643 | D:2      | Reached XP level 4. HP: 28/40 MP: 4/4
  1822 | D:2      | Noticed Terence
  1829 | D:2      | Killed Terence
  1962 | D:3      | Noticed ximxim's ghost (amateur FoFi)
  1992 | D:3      | Killed ximxim's ghost
  1992 | D:3      | Reached skill level 7 in Axes
  1992 | D:3      | Reached XP level 5. HP: 23/46 MP: 5/5
  1992 | D:3      | Reached XP level 6. HP: 27/55 MP: 6/6
  2843 | D:4      | Reached skill level 8 in Axes
  2892 | D:4      | Noticed Eustachio
  3160 | D:4      | Killed Eustachio
  3160 | D:4      | Reached skill level 9 in Axes
  3160 | D:4      | Reached XP level 7. HP: 61/61 MP: 7/7
  3730 | D:4      | Reached *** piety under Trog
  3921 | D:4      | Reached skill level 10 in Axes
  4026 | D:5      | Entered Level 5 of the Dungeon
  4497 | D:5      | Reached XP level 8. HP: 49/68 MP: 8/8
  4633 | D:5      | Reached skill level 11 in Axes
  4872 | D:5      | Found a blossoming altar of Fedhas.
  4872 | D:5      | Found a sparkling altar of Nemelex Xobeh.
  5054 | D:5      | Found an ancient bone altar of Kikubaaqudgha.
  5235 | D:6      | Reached skill level 12 in Axes
  5650 | D:6      | Gained mutation: You passively map the area around you. [Deep Dwarf growth]
  5650 | D:6      | Reached XP level 9. HP: 43/78 MP: 9/9
  5918 | D:6      | Found a staircase to the Ecumenical Temple.
  6127 | D:7      | Reached skill level 1 in Evocations
  6363 | D:7      | Reached **** piety under Trog
  6527 | D:7      | Found Aquitsom's Weapon Boutique.
  6534 | D:7      | Bought a +2 war axe of electrocution for 289 gold pieces
  6561 | D:7      | Reached skill level 5 in Armour
  6977 | D:7      | Reached skill level 5 in Fighting
  7794 | D:9      | Noticed a troll
  7801 | D:9      | Killed a troll
  7897 | D:9      | Reached XP level 10. HP: 71/91 MP: 13/13
  8031 | D:9      | Noticed a hill giant
  8037 | D:9      | Killed a hill giant
  8037 | D:9      | Reached skill level 13 in Axes
  8064 | D:9      | Noticed a five-headed hydra
  8179 | D:9      | Found an ancient bone altar of Kikubaaqudgha.
  8490 | D:9      | Found a hazy altar of Hepliaklqana.
  8520 | D:9      | Found a roughly hewn altar of Beogh.
  8520 | D:9      | Found a staircase to the Orcish Mines.
  8833 | D:10     | Entered Level 10 of the Dungeon
  8930 | D:10     | Noticed Maurice
  8993 | D:10     | Killed Maurice
  9054 | D:10     | Reached ***** piety under Trog
  9116 | D:10     | Found Jeps's Wicked Wares.
  9117 | D:10     | Found a burning altar of Makhleb.
  9143 | D:10     | Reached XP level 11. HP: 66/100 MP: 14/14
  9215 | D:10     | Found a staircase to the Lair.
  9242 | Lair:1   | Entered Level 1 of the Lair of Beasts
  9351 | D:8      | Reached skill level 14 in Axes
 10345 | Lair:2   | Noticed Sonja
 10353 | Lair:2   | Killed Sonja
 10353 | Lair:2   | Reached skill level 5 in Evocations
 11365 | Lair:3   | Found a hole to the Spider Nest.
 11521 | Lair:3   | Reached skill level 10 in Armour
 11615 | Lair:3   | Reached XP level 12. HP: 93/112 MP: 15/15
 11905 | Lair:3   | Found a staircase to the Shoals.
 12448 | Lair:4   | Reached skill level 5 in Dodging
 12568 | Lair:4   | HP: 5/114 [fire crab (12)]
 12821 | Lair:4   | Noticed Josephine
 12857 | Lair:4   | Killed Josephine
 12869 | Lair:4   | Reached skill level 15 in Axes
 12981 | Lair:4   | Noticed a seven-headed hydra
 12995 | Lair:4   | Killed a seven-headed hydra
 13239 | Lair:4   | Noticed a death yak
 13266 | Lair:4   | Killed a death yak
 13318 | Lair:4   | Noticed a death yak
 13341 | Lair:4   | Noticed a death yak
 13343 | Lair:4   | Killed a death yak
 13792 | Lair:5   | Noticed PeterMcNeter's ghost (journeyman DrTm)
 13852 | Lair:5   | Killed PeterMcNeter's ghost
 14039 | Lair:5   | Reached XP level 13. HP: 123/123 MP: 17/17
 14337 | Lair:5   | Reached skill level 10 in Fighting
 15177 | Lair:6   | Entered Level 6 of the Lair of Beasts
 15376 | Lair:5   | Reached skill level 10 in Evocations
 15962 | Lair:6   | Found a staircase to the Slime Pits.
 16237 | Lair:6   | Got a pitted buckler
 16238 | Lair:6   | Identified the cursed -1 buckler of Haxuc {MP+9} (You found it on level 6 of the Lair of Beasts)
 17158 | Lair:5   | Gained mutation: You resist negative energy. (rN+) [Deep Dwarf growth]
 17158 | Lair:5   | Reached XP level 14. HP: 70/133 MP: 19/19
 17262 | Lair:6   | Reached skill level 16 in Axes
 17313 | Lair:6   | Received a gift from Trog
 17465 | Lair:6   | Found a snail-covered altar of Cheibriados.
 17894 | Lair:6   | Identified a scroll of acquirement
 18170 | Orc:1    | Entered Level 1 of the Orcish Mines
 19027 | D:11     | Received a gift from Trog
 19041 | D:11     | Got a dazzling battleaxe {god gift}
 19044 | D:11     | Identified the +7 battleaxe "Ruirist" {chop, *Contam rElec SInv} (Trog gifted it to you on level 11 of the Dungeon)
 19148 | D:11     | Reached ****** piety under Trog
 19257 | D:11     | Gained mutation: Your spells are a little harder to cast, but a little more powerful. [mutagenic glow]
 19507 | D:11     | Found a flagged portal.
 20078 | D:12     | Noticed Nessos
 20734 | D:12     | Received a gift from Trog
 20734 | D:12     | Reached skill level 17 in Axes
 21350 | Orc:2    | Entered Level 2 of the Orcish Mines
 21389 | Orc:2    | Found Muirrane's Jewellery Boutique.
 21436 | Orc:2    | Bought an uncursed amulet of faith for 600 gold pieces
 21652 | Orc:2    | Reached skill level 10 in Dodging
 21713 | Orc:2    | Found Vuny's General Store.
 22085 | Orc:2    | Found Rutsysh's General Store.
 22305 | Orc:2    | Bought a potion of curing for 39 gold pieces
 22305 | Orc:2    | Bought a potion of curing for 39 gold pieces
 22307 | Orc:2    | Bought 3 scrolls of enchant weapon for 315 gold pieces
 22395 | Orc:2    | Reached XP level 15. HP: 65/144 MP: 16/16
 22883 | Orc:2    | Received a gift from Trog
 23105 | Orc:2    | Found a staircase to the Elven Halls.
 23760 | Orc:2    | Found Wufapiqu's Antique Armour Emporium.
 23760 | Orc:2    | Found a one-way gate leading to the halls of Pandemonium.
 23760 | Orc:2    | Found Zuwk's Gadget Shoppe.
 23769 | Orc:2    | Bought a brightly glowing plate armour for 532 gold pieces
 23779 | Orc:2    | Identified the +1 plate armour of the Pits of Slime {rC+ Int+3 Stlth+} (You bought it in a shop on level 2 of the Orcish Mines)
 24442 | Elf:1    | Entered Level 1 of the Elven Halls
 24489 | Elf:1    | Found a ruined silver gateway.
 24751 | Orc:2    | Upgraded the game from 0.19-a0-1260-gc94d3f7 to 0.19-a0-1268-g6c5d9f8
 24974 | D:12     | Killed Nessos
 25515 | D:13     | Reached skill level 18 in Axes
 26013 | D:13     | Found a gate to the Vaults.
 26193 | D:13     | Received a gift from Trog
 27207 | Spider:1 | Entered Level 1 of the Spider Nest
 27485 | Spider:1 | Received a gift from Trog
 27629 | Spider:1 | Noticed Louise
 27661 | Spider:1 | Killed Louise
 27709 | Spider:1 | Reached XP level 16. HP: 73/154 MP: 15/15
 29296 | Spider:1 | Received a gift from Trog
 29812 | Spider:2 | Reached skill level 19 in Axes
 30637 | Spider:3 | Noticed Roxanne
 30646 | Spider:3 | Killed Roxanne
 30646 | Spider:3 | Received a gift from Trog
 30738 | Spider:3 | Noticed Arachne
 30751 | Spider:3 | Killed Arachne
 31703 | Shoals:1 | Entered Level 1 of the Shoals
 31723 | Shoals:1 | Reached skill level 15 in Armour
 32103 | Shoals:1 | Received a gift from Trog
 32525 | Shoals:2 | Found Puluax's Antique Weapon Emporium.
 32539 | Shoals:2 | Reached XP level 17. HP: 87/164 MP: 13/13
 32640 | Shoals:2 | Noticed Polyphemus
 32787 | Shoals:2 | Found Faetit's General Store.
 32874 | Shoals:2 | Bought a scroll of teleportation for 42 gold pieces
 32874 | Shoals:2 | Bought a potion of curing for 42 gold pieces
 32991 | Shoals:2 | Killed Polyphemus
 33537 | Shoals:2 | Reached skill level 20 in Axes
 33696 | Shoals:3 | Found Yzooril's Distillery.
 33714 | Shoals:3 | Bought a potion of haste for 190 gold pieces
 33714 | Shoals:3 | Bought a potion of might for 76 gold pieces
 33759 | Shoals:3 | Found Vapiotu's Food Shoppe.
 33839 | Shoals:3 | Upgraded the game from 0.19-a0-1268-g6c5d9f8 to 0.19-a0-1341-g3513869
 33862 | Shoals:3 | Noticed Donald
 33879 | Shoals:3 | Killed Donald
 33895 | Shoals:3 | Received a gift from Trog
 34083 | Shoals:3 | Found Jeopnav's Antique Weapon Boutique.
 34145 | Shoals:3 | Found Zoumazu's Gadget Emporium.
 34293 | Shoals:4 | Entered Level 4 of the Shoals
 34335 | Shoals:4 | HP: 4/165 [drowned by a drowned soul[a merfolk avatar] (12)]
 34343 | Shoals:4 | Drowned by a drowned soul

Vault maps used:
D:1:      saegor_arrival_simple_d
D:2:      kennysheep_six_static_rooms, tso_metal_star, minmay_small_reverse_x,
          uniq_terence, uniq_iyjb
D:3:      st_stairs_10, minmay_misc_feat_ornament, serial_bayou_lagoon_a
D:4:      portal_sewer_entry_d, uniq_eustachio
D:5:      gammafunk_temple_overflow_wave, kennysheep_mini, first_bread
D:7:      serial_shops, shop, the_bakery
D:9:      kennysheep_little_box, david_orc_5, tgw_kikubaaqudgha
D:10:     minmay_lair_entry_grove, nicolae_evil_shop, uniq_maurice
D:11:     enter_bailey_2, hangedman_weighted_door, lightli_fourway_metalbox
D:12:     uniq_nessos
D:13:     david_vaults_1, glass_columns_c
D:14:     minmay_misc_feat_doors, nrook_guardian_serpent_double
Lair:1:   minmay_holes, grunt_megastairs_1
Lair:2:   uniq_sonja
Lair:3:   shoals_dummy_entry, nicolae_spider_entry_tight_spaces
Lair:4:   uniq_josephine
Lair:5:   lemuel_fruit_fields
Lair:6:   evilmike_catoblepas_cave, nicolae_slime_entry_slimehenge, basic_altar,
          grunt_megastairs_4
Shoals:1: nicolae_shoals_water_shrine
Shoals:2: serial_shops, nicolae_shop_stone, shop, uniq_polyphemus
Shoals:3: serial_shops, shop_fountains, shop, nicolae_shop_behind_doors,
          shop_fountains, uniq_donald
Shoals:4: shoals_end_grunt_ice, shoals_ilsuiw_alternative
Spider:1: guppyfry_spider_mini_1, uniq_louise
Spider:2: guppyfry_spider_mini_3
Spider:3: nicolae_orb_island, uniq_roxanne, uniq_arachne
Orc:1:    abandoned_shop, statue_in_the_mist_lemuel
Orc:2:    pf_orc_diabolical, serial_shops, nicolae_shop_stone
Elf:1:    portal_desolation_entry_ruin

Skill      XL: |  1  2  3  4  5  6  7  8  9 10 11 12 13 14 15 16 17 |
---------------+----------------------------------------------------+-----
Axes           | 4 5 7 9 10 12 13 14 15 17 18 19 20 | 20.2
Fighting       | 3 5 7 8 9 10 11 12 13 | 13.9
Armour         | 3 6 8 10 11 12 13 14 15 | 15.6
Evocations     | 4 6 8 11 | 11.0
Dodging        | 4 7 8 10 11 12 13 | 13.1

Action                   |  1- 3 |  4- 6 |  7- 9 | 10-12 | 13-15 | 16-18 || total
-------------------------+-------+-------+-------+-------+-------+-------++-------
Melee: Hand axe          |   117 |   180 |   469 |       |       |       ||   766
       War axe           |       |       |   130 |   701 |   456 |       ||  1287
       Morningstar       |       |       |       |     7 |    27 |       ||    34
       Executioner's axe |       |       |       |       |   890 |   615 ||  1505
       Battleaxe         |       |       |       |       |    26 |       ||    26
Throw: Stone             |     2 |       |     1 |       |       |       ||     3
Invok: Berserk           |     2 |     5 |    19 |    26 |    28 |    10 ||    90
       Burn Spellbooks   |     2 |       |     1 |     1 |     1 |     3 ||     8
       Trog's Hand       |       |     2 |     8 |    16 |    35 |    25 ||    86
 Abil: Device Recharging |       |       |       |     2 |     7 |     5 ||    14
       Evoke Flight      |       |       |       |       |       |     9 ||     9
Evoke: Wand              |       |     1 |     4 |    16 |    44 |    64 ||   129
  Use: Scroll            |       |       |    15 |    14 |    18 |    12 ||    59
       Potion            |       |       |       |     2 |    21 |    18 ||    41
 Stab: Sleeping          |     1 |       |       |       |       |       ||     1
       Paralysed         |       |       |       |     9 |       |       ||     9
       Invisible         |       |       |       |       |     1 |       ||     1
       Distracted        |       |       |       |       |     2 |       ||     2
  Eat: Chunk             |     4 |    10 |    35 |    30 |    85 |    22 ||   186
       Pizza             |       |       |     3 |       |     1 |     2 ||     6
       Beef jerky        |       |       |       |     2 |       |     5 ||     7
       Meat ration       |       |       |       |     4 |     1 |     1 ||     6
       Fruit             |       |       |       |     1 |     1 |     4 ||     6
       Royal jelly       |       |       |       |     1 |     1 |     2 ||     4
Armor: Animal skin       |     8 |       |       |       |       |       ||     8
       Chain mail        |    39 |   110 |   102 |       |       |       ||   251
       Ring mail         |     1 |       |       |       |       |       ||     1
       Plate armour      |       |       |   165 |   334 |   713 |   432 ||  1644
       Crystal plate arm |       |       |       |       |       |   100 ||   100
Dodge: Dodged            |    51 |    85 |   156 |   211 |   772 |   489 ||  1764
